[Event "Sunday 21 January Rapid Engine Tour 12+1 Rounds 9 Starts 1600 ST"]
[Site "Infinity Chess"]
[Date "2018.1.21"]
[Round "9"]
[White "Katzenmaier"]
[Black "Ninja_Bp"]
[Result "1-0"]
[ECO "C26"]
[WhiteElo "2435"]
[BlackElo "2447"]
[WhiteEngine "S_XPrO.251117.x64.POPCNT_CTG"]
[BlackEngine "Houdini 6_CTG"]
[EventType "Swiss"]
[WhiteTeam ""]
[BlackTeam ""]
[PlyCount "157"]
[TimeControl "720+1"]

1. e4 e5 2. Nc3 Nf6 3. g3 Bc5 4. Bg2 d6 5. Na4 Nc6 6. d3 Bg4 7. f3 Be6 
8. Nxc5 dxc5 9. Be3 Qd6 10. Qd2 O-O-O 11. Ne2 h5 12. h4 Kb8 13. a3 a5 14. O-O b6 
15. b3 Rhe8 16. Rfd1 Nd7 17. Rdb1 Nf6 18. Nc3 Nd4 19. Kh2 Bg4 20. Rf1 Bd7 
21. Rab1 Kb7 22. Ne2 Be6 23. b4 Nxc2 24. Qxc2 Qxd3 25. Qc1 axb4 26. axb4 cxb4 
27. Rxb4 Qxe2 28. Re1 Qd3 29. Bf1 Qd6 30. Rb2 Ra8 31. Bc5 Qd8 32. Rd1 Nd7 
33. Bf2 Qc8 34. Qc3 Ra7 35. Rdb1 Rg8 36. Bb5 Nb8 37. Qxe5 Qd8 38. f4 Qf6 
39. Qxh5 g5 40. hxg5 Rh8 41. gxf6 Rxh5+ 42. Kg1 Rxb5 43. Rxb5 Nd7 44. e5 Ra3 
45. Rc1 Ka6 46. Rb2 c5 47. Re1 Rd3 48. Be3 b5 49. Ra1+ Kb7 50. Kf2 Kb6 
51. g4 Bxg4 52. Rab1 Kc6 53. Rxb5 Be6 54. Ra5 Bg4 55. Ra6+ Kd5 56. Rg1 Be6 
57. Kf3 Kc4 58. Rxe6 fxe6 59. Ke4 Ra3 60. f7 Ra4 61. Rd1 Nf8 62. Rd8 Kb5+ 
63. Kf3 Ng6 64. Rg8 Ra7 65. Rxg6 Rxf7 66. Rxe6 c4 67. Rb6+ Ka4 68. e6 Rh7 
69. f5 Rh3+ 70. Ke4 Rh8 71. f6 Ka5 72. f7 Rh4+ 73. Kd5 Rh5+ 74. Kc6 Rf5 
75. Bd4 Rf3 76. e7 Rxf7 77. e8=Q Rf6+ 78. Bxf6 c3 79. Qa8# 1-0

[Event "Sunday 21 January Rapid Engine Tour 12+1 Rounds 9 Starts 1600 ST"]
[Site "Infinity Chess"]
[Date "2018.1.21"]
[Round "9"]
[White "Stabels"]
[Black "angriff"]
[Result "1/2-1/2"]
[ECO "B00"]
[WhiteElo "2456"]
[BlackElo "2447"]
[WhiteEngine "asmFishW_2018-01-12_bmi2"]
[BlackEngine "Raubfisch ME262_GTZ16b2_CTG"]
[EventType "Swiss"]
[WhiteTeam ""]
[BlackTeam ""]
[PlyCount "156"]
[TimeControl "720+1"]

1. e4 Nc6 2. d4 d5 3. e5 Bf5 4. Nf3 e6 5. c3 f6 6. Bb5 Nge7 7. exf6 gxf6 
8. Nh4 Bg6 9. O-O a6 10. Be2 Qd7 11. Re1 Bf7 12. Nd2 Ng6 13. Nxg6 hxg6 
14. h3 Bd6 15. b4 Kf8 16. Nb3 Re8 17. f4 Ne7 18. Bd3 Ng8 19. a4 Kg7 20. Nc5 Qc8 
21. Rb1 f5 22. a5 b5 23. Rf1 Nf6 24. Qe1 Rh7 25. h4 Ne4 26. g3 Be7 27. Be2 Nxc5 
28. bxc5 c6 29. Rb2 Bf6 30. Ra2 Rhh8 31. Ba3 Qc7 32. Bb4 Bg8 33. Rf3 Bf7 
34. Bf1 Kf8 35. Raf2 Re7 36. Re2 Rh7 37. Bg2 Rd7 38. Rfe3 Re7 39. Kf1 Bg8 
40. Rf2 Qd8 41. Ree2 Qd7 42. Re3 Re8 43. Rff3 Qg7 44. Kg1 Qe7 45. Qf2 Qg7 
46. Qd2 Qf7 47. Rf1 Re7 48. Rfe1 Rd7 49. Rd3 Qg7 50. Qe2 Re7 51. Re3 Re8 
52. Qf2 Qc7 53. Qd2 Qg7 54. Qf2 Qc7 55. Bh1 Qf7 56. Qg2 Kg7 57. Qd2 Re7 
58. Bf3 Rc7 59. Bg2 Qd7 60. Rd1 Kf8 61. Ree1 Qd8 62. Kf1 Ra7 63. Qe3 Rae7 
64. Re2 Bf7 65. Ra1 Qd7 66. Ba3 Be8 67. Qf2 Qc7 68. Re3 Rh8 69. Bf3 Bd7 
70. Qe2 Bc8 71. Bg2 Bd7 72. Bc1 Reh7 73. Bd2 Kf7 74. Bf3 Bc8 75. Qd1 Kf8 
76. Qe2 Kf7 77. Ra2 Bd7 78. Bg2 Qb8 1/2-1/2

[Event "Sunday 21 January Rapid Engine Tour 12+1 Rounds 9 Starts 1600 ST"]
[Site "Infinity Chess"]
[Date "2018.1.21"]
[Round "9"]
[White "OlivierEvan"]
[Black "star99"]
[Result "1/2-1/2"]
[ECO "B90"]
[WhiteElo "2401"]
[BlackElo "2446"]
[WhiteEngine "Houdini 6"]
[BlackEngine "Cryptic AIL V1"]
[EventType "Swiss"]
[WhiteTeam ""]
[BlackTeam ""]
[PlyCount "78"]
[TimeControl "720+1"]

1. e4 c5 2. Nf3 d6 3. d4 cxd4 4. Nxd4 Nf6 5. Nc3 a6 6. Be3 e5 7. Nb3 Be7 
8. Be2 Be6 9. Qd3 Nc6 10. a3 Rc8 11. O-O O-O 12. Nd5 Nd7 13. Qd2 h6 14. h3 Bg5 
15. Bxg5 Qxg5 16. Qxg5 hxg5 17. Rad1 g6 18. Rd2 Rfd8 19. Rfd1 Kf8 20. Bg4 f5 
21. Bf3 a5 22. a4 b6 23. exf5 gxf5 24. g4 f4 25. Kg2 Nb4 26. Nxb4 axb4 
27. Rxd6 Ke7 28. Bc6 Bxb3 29. Rxd7+ Rxd7 30. Rxd7+ Ke6 31. cxb3 Rxc6 32. Rd8 Rc2 
33. Rg8 e4 34. Re8+ Kd5 35. Rd8+ Ke5 36. Re8+ Kd4 37. Rd8+ Ke5 38. Re8+ Kd4 
39. Rd8+ Ke5 1/2-1/2

[Event "Sunday 21 January Rapid Engine Tour 12+1 Rounds 9 Starts 1600 ST"]
[Site "Infinity Chess"]
[Date "2018.1.21"]
[Round "9"]
[White "ocirema"]
[Black "Eman"]
[Result "1/2-1/2"]
[ECO "C55"]
[WhiteElo "2450"]
[BlackElo "2478"]
[WhiteEngine "stockfish_18011309_x64_modern_CTG"]
[BlackEngine "Eman 1.65 64-bit POPCNT"]
[EventType "Swiss"]
[WhiteTeam ""]
[BlackTeam ""]
[PlyCount "79"]
[TimeControl "720+1"]

1. e4 e5 2. Nf3 Nc6 3. Bc4 Nf6 4. d3 Bc5 5. O-O a5 6. c3 d6 7. Bg5 O-O 8. a4 h6 
9. Bh4 g5 10. Bg3 Kg7 11. Nbd2 Ba7 12. Re1 Ng8 13. h3 h5 14. d4 Nh6 15. Nf1 g4 
16. Bh4 f6 17. N3h2 Qe8 18. Ne3 gxh3 19. gxh3 exd4 20. Nd5 Ne5 21. Nxc7 Qg6+ 
22. Kh1 Bxh3 23. Ne6+ Bxe6 24. Bxe6 Kh7 25. cxd4 Rg8 26. Bh3 Nc6 27. d5 Ne5 
28. Re2 Raf8 29. f4 Neg4 30. Nf3 Be3 31. f5 Qe8 32. Qd3 Bc5 33. Bg3 h4 
34. Nxh4 Qh5 35. Bxg4 Nxg4 36. Qf3 Qh6 37. Qf4 Qh5 38. Qf3 Qh6 39. Qf4 Qh5 
40. Qf3 1/2-1/2

[Event "Sunday 21 January Rapid Engine Tour 12+1 Rounds 9 Starts 1600 ST"]
[Site "Infinity Chess"]
[Date "2018.1.21"]
[Round "9"]
[White "Deep_Impact"]
[Black "Prometheus"]
[Result "1/2-1/2"]
[ECO "A22"]
[WhiteElo "2504"]
[BlackElo "2423"]
[WhiteEngine "BrainFish_180113_x64_modern"]
[BlackEngine "Eman 1.58-64bit-IDeA"]
[EventType "Swiss"]
[WhiteTeam ""]
[BlackTeam ""]
[PlyCount "144"]
[TimeControl "720+1"]

1. c4 e5 2. Nc3 Nf6 3. Nf3 Nc6 4. g3 d5 5. cxd5 Nxd5 6. Bg2 Nb6 7. O-O Be7 
8. d3 O-O 9. Be3 Be6 10. Rc1 Nd5 11. Nxd5 Bxd5 12. Qa4 Re8 13. Rfe1 a6 
14. Bc5 Qd7 15. Bxe7 Qxe7 16. Nd2 Red8 17. Qc2 Bxg2 18. Kxg2 Rd5 19. Ne4 Rc8 
20. Qc4 Rb5 21. b3 Na5 22. Qc2 Nc6 23. Nc3 Ra5 24. Qb2 Rd8 25. Ra1 Qa3 
26. Qxa3 Rxa3 27. Rec1 Nd4 28. Ne4 c6 29. Kf1 Ne6 30. Ke1 g6 31. Kd2 Ra5 
32. Nc3 Nd4 33. e3 Nb5 34. Na4 Nd6 35. Ke2 f5 36. h3 Kf7 37. g4 Rb5 38. Rg1 Ra5 
39. Rgd1 Ne8 40. Rdc1 Rb5 41. Nc3 Rb4 42. Rab1 Nd6 43. a3 Rb6 44. Rf1 Re8 
45. f4 a5 46. fxe5 Rxe5 47. d4 Re8 48. Kd3 Kf6 49. gxf5 gxf5 50. Na4 Rb5 
51. Nc3 Rb6 52. Na4 Rb5 53. Nc5 Rg8 54. a4 Rb4 55. Ke2 Rg2+ 56. Kf3 Rh2 
57. Kg3 Re2 58. Kf3 Rh2 59. Kg3 Re2 60. Kf4 Rd2 61. Kf3 Kf7 62. Kf4 Kf6 
63. Kf3 Rc2 64. Rg1 Rd2 65. Nd7+ Ke6 66. Nc5+ Kf6 67. Rg8 Rh2 68. Kg3 Re2 
69. Kf4 Rf2+ 70. Kg3 Re2 71. Kf4 Rf2+ 72. Kg3 Re2 1/2-1/2

[Event "Sunday 21 January Rapid Engine Tour 12+1 Rounds 9 Starts 1600 ST"]
[Site "Infinity Chess"]
[Date "2018.1.21"]
[Round "9"]
[White "Marsell"]
[Black "MarioDeMonti"]
[Result "1/2-1/2"]
[ECO "C55"]
[WhiteElo "2458"]
[BlackElo "2467"]
[WhiteEngine "asmFishW_2018-01-11_popcnt"]
[BlackEngine "stockfish_x64_bmi2_2018_01_13_CTG"]
[EventType "Swiss"]
[WhiteTeam ""]
[BlackTeam ""]
[PlyCount "137"]
[TimeControl "720+1"]

1. e4 e5 2. Nf3 Nc6 3. Bc4 Nf6 4. d3 Bc5 5. c3 d6 6. O-O O-O 7. h3 a5 
8. Nbd2 Be6 9. Bb5 h6 10. Re1 Qb8 11. Nf1 Qa7 12. Be3 Bxe3 13. Nxe3 Ne7 
14. a4 Ng6 15. Bc4 Bxc4 16. Nxc4 Qa6 17. b3 Rfe8 18. Qc2 Nf4 19. Kh2 b6 
20. d4 exd4 21. Nxd4 Qb7 22. Nd2 Nd7 23. Re3 Nf6 24. Rae1 Rad8 25. Nf5 Ne6 
26. Nf3 Qc6 27. Kg1 Qc5 28. Qd3 Nf4 29. Qd1 Kh7 30. Qb1 Ng6 31. b4 Qc6 
32. b5 Qc5 33. Qc2 c6 34. bxc6 Ne5 35. R3e2 Qxc6 36. N3d4 Qc5 37. Qd2 Ng8 
38. Rb1 g6 39. Ne3 Nf6 40. Rb5 Qa3 41. f3 Qxa4 42. Rxb6 Qd7 43. c4 Qa7 
44. Rb5 Ra8 45. Qc3 a4 46. Ra2 Reb8 47. Ndc2 Qe7 48. Nd4 Qa7 49. Qa1 Rxb5 
50. cxb5 Qa5 51. Ra3 Qb4 52. Nec2 Qa5 53. Kh2 d5 54. Nc6 Nxc6 55. Qxf6 Nd8 
56. Ne3 dxe4 57. fxe4 Qc7+ 58. e5 Qc5 59. Qd6 Qxd6 60. exd6 Ra5 61. d7 Rxb5 
62. Rxa4 Rb7 63. Rd4 Rb3 64. Nd5 Kg7 65. Ne7 Kf6 66. Ng8+ Kg7 67. Ne7 Kf6 
68. Ng8+ Kg7 69. Ne7 1/2-1/2

[Event "Sunday 21 January Rapid Engine Tour 12+1 Rounds 9 Starts 1600 ST"]
[Site "Infinity Chess"]
[Date "2018.1.21"]
[Round "9"]
[White "RonWeasley"]
[Black "SkyPilot"]
[Result "1/2-1/2"]
[ECO "C55"]
[WhiteElo "2501"]
[BlackElo "2462"]
[WhiteEngine "BrainFish 130117_CTG"]
[BlackEngine "stockfish_x64_bmi2_2018_01_13_CTG"]
[EventType "Swiss"]
[WhiteTeam ""]
[BlackTeam ""]
[PlyCount "130"]
[TimeControl "720+1"]

1. e4 e5 2. Nf3 Nc6 3. Bc4 Nf6 4. d3 Bc5 5. c3 d6 6. Bb3 a6 7. Nbd2 O-O 
8. O-O Ba7 9. Re1 b5 10. Nf1 Na5 11. Bc2 c5 12. Bg5 h6 13. Bh4 Kh7 14. Ne3 g5 
15. Bg3 Nh5 16. Nd2 Ng7 17. Nf3 f6 18. h3 Be6 19. a3 Rc8 20. Nd2 Qc7 21. Nd5 Qd8 
22. Ne3 Qc7 23. Bh2 Rb8 24. Qe2 Qf7 25. Qf3 Rbd8 26. a4 b4 27. Ndc4 Nxc4 
28. dxc4 bxc3 29. bxc3 Bxc4 30. Nxc4 Qxc4 31. Bd3 Qxc3 32. Rec1 Qa5 33. Bc4 h5 
34. Rd1 Qc7 35. a5 Rb8 36. Qc3 Rb4 37. Bxa6 Ne6 38. Bc4 Nd4 39. Kh1 Rfb8 
40. Qd3 Qd7 41. f3 Rb2 42. a6 h4 43. Bg1 Kh6 44. Be3 d5 45. exd5 Nxf3 
46. Bg1 Nxg1 47. Rxg1 R8b6 48. Rgd1 Qd6 49. Qe4 Rf2 50. Rdb1 Rb4 51. Qe3 Rxg2 
52. Rxb4 cxb4 53. Qxa7 e4 54. Kxg2 Qg3+ 55. Kf1 Qxh3+ 56. Ke1 Qc3+ 57. Ke2 Qf3+ 
58. Ke1 Qc3+ 59. Ke2 Qxc4+ 60. Kf2 Qc3 61. Rf1 Qg3+ 62. Ke2 Qd3+ 63. Kf2 Qg3+ 
64. Ke2 Qd3+ 65. Kf2 Qg3+ 1/2-1/2

[Event "Sunday 21 January Rapid Engine Tour 12+1 Rounds 9 Starts 1600 ST"]
[Site "Infinity Chess"]
[Date "2018.1.21"]
[Round "9"]
[White "Murx"]
[Black "incredible"]
[Result "1/2-1/2"]
[ECO "A15"]
[WhiteElo "2528"]
[BlackElo "2447"]
[WhiteEngine "BrainFish_180113_x64_modern"]
[BlackEngine "Stockfish_x64_bmi2"]
[EventType "Swiss"]
[WhiteTeam ""]
[BlackTeam ""]
[PlyCount "213"]
[TimeControl "720+1"]

1. c4 Nf6 2. d4 e6 3. Nf3 b6 4. g3 Be7 5. Bg2 Bb7 6. Nc3 O-O 7. O-O d5 
8. cxd5 exd5 9. Bf4 Nbd7 10. Qc2 Nh5 11. Be3 Re8 12. Rad1 Nhf6 13. Ne5 c6 
14. Bf4 Bb4 15. a3 Bxc3 16. Qxc3 Rc8 17. Bh3 c5 18. Nxd7 Nxd7 19. dxc5 Rxc5 
20. Qd3 Nf8 21. Be3 Rc7 22. Bg2 Ne6 23. Qb5 Qd7 24. Qxd7 Rxd7 25. Rfe1 Ree7 
26. Bd4 f6 27. e3 Rc7 28. Bc3 Ng5 29. Bb4 Re8 30. h4 Ne4 31. f3 Nc5 32. Bh3 g6 
33. Bf1 h5 34. Bb5 Rec8 35. Bc3 Kf7 36. Rd4 Rd8 37. Red1 Rdc8 38. e4 a6 
39. Bf1 dxe4 40. Rd6 Rc6 41. fxe4 Rxd6 42. Rxd6 Rc6 43. Rxc6 Bxc6 44. e5 b5 
45. exf6 Ne4 46. Be5 Nxf6 47. Bh3 Ng4 48. Bc3 Bf3 49. Kf1 Ne3+ 50. Kf2 Bg4 
51. Kxe3 Bxh3 52. Kd4 Bf1 53. Kc5 Ke6 54. Bd2 Be2 55. Be1 Ke5 56. Kb6 Kd5 
57. Kxa6 Kc5 58. Bb4+ Kc4 59. Ka5 Bd1 60. Ka6 Bc2 61. Kb6 Bd1 62. Ka6 Ba4 
63. Ka5 Bc2 64. Ka6 Bd1 65. Be7 Be2 66. Kb6 Bd1 67. Bf6 Ba4 68. Bc3 Bc2 
69. Kc6 Bd3 70. Bb4 Kb3 71. Bc3 Kc4 72. Kb6 Be4 73. Be5 Bf5 74. Bf6 Be4 
75. Be5 Bd3 76. Kc6 Bc2 77. Bf6 Ba4 78. Kc7 Bc2 79. Kd6 Ba4 80. Bg7 Bc2 
81. Bf6 Ba4 82. Be5 Bb3 83. Kd7 Kd3 84. Ke7 Kc4 85. Kd6 Bc2 86. Ke6 Kb3 
87. Kd5 Bd3 88. Kc5 Bf1 89. Bd4 Be2 90. Be5 Bd3 91. Bd4 Be2 92. Bf6 Ka4 
93. Kc6 Bf3+ 94. Kc5 Be2 95. Kc6 Kb3 96. Kc7 Bd3 97. Kc6 Kc4 98. Kd6 Bf5 
99. Kc6 Be4+ 100. Kc7 Bc2 101. Be5 Bf5 102. Bc3 Bb1 103. Kb6 Bd3 104. Bf6 Bf5 
105. Ka5 Bd7 106. Bc3 Kb3 107. Be5 1/2-1/2

[Event "Sunday 21 January Rapid Engine Tour 12+1 Rounds 9 Starts 1600 ST"]
[Site "Infinity Chess"]
[Date "2018.1.21"]
[Round "8"]
[White "KhalidOmar"]
[Black "BraveDevil"]
[Result "1-0"]
[ECO "B50"]
[WhiteElo "2453"]
[BlackElo "2384"]
[WhiteEngine "Eman 1.65 64-bit BMI2"]
[BlackEngine "Cryptic AIL V1"]
[EventType "Swiss"]
[WhiteTeam ""]
[BlackTeam ""]
[PlyCount "241"]
[TimeControl "720+1"]

1. e4 c5 2. Nf3 d6 3. Nc3 Nc6 4. d4 cxd4 5. Nxd4 Nf6 6. Bg5 e6 7. Qd2 Be7 
8. O-O-O O-O 9. h4 a6 10. Bxf6 Bxf6 11. Nxc6 bxc6 12. Qxd6 Qb6 13. Qg3 Bxc3 
14. Qxc3 Qxf2 15. Qd2 Qxd2+ 16. Rxd2 c5 17. Rh3 Bb7 18. e5 Rfc8 19. g4 a5 
20. g5 Kf8 21. Rc3 Rc7 22. b3 Ke7 23. Rd4 Bd5 24. Kb2 c4 25. bxc4 Rac8 26. h5 g6 
27. h6 Rc5 28. Ka3 Kf8 29. Rf4 Ke8 30. Be2 Ke7 31. Rb3 Bc6 32. Re3 Rb8 
33. Rf1 Rb6 34. Bd3 Bg2 35. Rf2 Bc6 36. Rf1 Bg2 37. Rf6 Bc6 38. Rf4 Rb1 
39. Rf1 Rb6 40. c3 Rb8 41. Rfe1 Rb6 42. R3e2 Rb8 43. Rb2 Rxb2 44. Kxb2 Bb7 
45. Kc2 Ba6 46. Kb3 Bb7 47. Bf1 Ba6 48. Ka4 Kd7 49. Rd1+ Kc7 50. Re1 Kd7 
51. Rb1 Rxe5 52. Rb6 Bc8 53. Rb5 Rf5 54. Bd3 Rf2 55. Rxa5 Bb7 56. Kb3 Rd2 
57. Bc2 Kc7 58. a4 Re2 59. Rc5+ Kb6 60. Rb5+ Kc7 61. c5 Bc6 62. Ra5 Bd5+ 
63. c4 Bb7 64. Ra7 Kb8 65. Ra5 Re1 66. Rb5 Kc7 67. a5 Bc6 68. Kc3 Re5 
69. Kb4 Rxg5 70. a6 Rg2 71. Ba4 Rb2+ 72. Ka3 Rd2 73. Kb4 Rb2+ 74. Ka3 Rd2 
75. Rb6 Ba8 76. Be8 g5 77. Bxf7 g4 78. Rb3 Rh2 79. Bxe6 Rxh6 80. Bxg4 Rxa6+ 
81. Kb4 Rg6 82. Be2 Rg1 83. Rh3 Rb1+ 84. Kc3 Rh1 85. Rg3 Be4 86. Re3 Rh4 
87. Bd1 Rf4 88. Re1 Bg6 89. Ba4 Be4 90. Rg1 Rf7 91. Re1 Rf4 92. Rd1 Rf7 
93. Rd6 h5 94. Kd4 Re7 95. Ra6 Bf5 96. c6 h4 97. Ra7+ Kd8 98. Rxe7 Kxe7 
99. Kc5 h3 100. c7 Bc8 101. Bc6 Kf6 102. Bh1 Kf5 103. Kb6 h2 104. c5 Kf4 
105. Ka7 Kg3 106. Kb8 Bh3 107. c8=Q Bxc8 108. Kxc8 Kf2 109. c6 Kg1 110. Bd5 h1=Q 
111. Bxh1 Kf1 112. Kc7 Kg1 113. Kd6 Kf1 114. Ke5 Kf2 115. Ke4 Kg3 116. c7 Kf2 
117. Bf3 Kf1 118. c8=Q Kg1 119. Qg4+ Kf1 120. Qg2+ Ke1 121. Qe2# 1-0

[Event "Sunday 21 January Rapid Engine Tour 12+1 Rounds 9 Starts 1600 ST"]
[Site "Infinity Chess"]
[Date "2018.1.21"]
[Round "8"]
[White "Thinker"]
[Black "Stabels"]
[Result "1/2-1/2"]
[ECO "C55"]
[WhiteElo "2413"]
[BlackElo "2458"]
[WhiteEngine "BrainFish_180113_x64_modern_CTG"]
[BlackEngine "asmFishW_2018-01-12_bmi2"]
[EventType "Swiss"]
[WhiteTeam ""]
[BlackTeam ""]
[PlyCount "72"]
[TimeControl "720+1"]

1. e4 e5 2. Nf3 Nc6 3. Bc4 Nf6 4. d3 Bc5 5. c3 a5 6. O-O d6 7. h3 h6 8. a4 Ba7 
9. Be3 Bxe3 10. fxe3 Ne7 11. Nh4 c6 12. d4 O-O 13. Nd2 d5 14. dxe5 Nd7 
15. e6 fxe6 16. Rxf8+ Nxf8 17. Bb3 Bd7 18. Qf3 Nh7 19. Rf1 Ng5 20. Qf4 Qb6 
21. Kh2 Rc8 22. exd5 cxd5 23. Kh1 Re8 24. Qd4 Qd8 25. e4 Bc6 26. exd5 Bxd5 
27. Bxd5 Qxd5 28. Qxd5 exd5 29. Re1 Kf7 30. Kg1 Ne6 31. Rf1+ Kg8 32. Nf5 Nc5 
33. Re1 Kf8 34. Rf1 Kg8 35. Re1 Kf8 36. Rf1 Kg8 1/2-1/2

[Event "Sunday 21 January Rapid Engine Tour 12+1 Rounds 9 Starts 1600 ST"]
[Site "Infinity Chess"]
[Date "2018.1.21"]
[Round "8"]
[White "hafaba"]
[Black "Katzenmaier"]
[Result "1/2-1/2"]
[ECO "D31"]
[WhiteElo "2439"]
[BlackElo "2435"]
[WhiteEngine "Stockfish SL FA POPCNT_CTG"]
[BlackEngine "S_XPrO.251117.x64.POPCNT_CTG"]
[EventType "Swiss"]
[WhiteTeam ""]
[BlackTeam ""]
[PlyCount "105"]
[TimeControl "720+1"]

1. d4 d5 2. c4 e6 3. Nc3 c6 4. e4 dxe4 5. Nxe4 Bb4+ 6. Nc3 c5 7. Nf3 Nf6 
8. Be2 Ne4 9. Qd3 Qa5 10. Qxe4 Bxc3+ 11. Kf1 Bxd4 12. Nxd4 cxd4 13. Qxd4 O-O 
14. Bd2 Nc6 15. Bxa5 Nxd4 16. Bd3 e5 17. Rd1 Bf5 18. Bxf5 Nxf5 19. g4 Nh4 
20. Ke2 f5 21. Rhg1 Rf7 22. Rd8+ Rxd8 23. Bxd8 Ng6 24. Bg5 fxg4 25. Rxg4 Rc7 
26. Kd3 Kf7 27. Be3 a6 28. c5 Ne7 29. Ke4 Nc6 30. Rh4 h6 31. Rg4 Rd7 32. Rg1 Kf6 
33. h4 Ne7 34. a3 Nd5 35. Rc1 Ke6 36. c6 bxc6 37. Rxc6+ Rd6 38. Rxd6+ Kxd6 
39. b3 Ke6 40. b4 h5 41. f3 Ne7 42. f4 Nf5 43. a4 Nd6+ 44. Kd3 Nf5 45. Bf2 exf4 
46. Ke4 f3 47. Kxf3 Kd5 48. Kf4 g6 49. Kg5 Kc4 50. a5 Kxb4 51. Kxg6 Nxh4+ 
52. Bxh4 Kxa5 53. Kxh5 1/2-1/2

[Event "Sunday 21 January Rapid Engine Tour 12+1 Rounds 9 Starts 1600 ST"]
[Site "Infinity Chess"]
[Date "2018.1.21"]
[Round "8"]
[White "Ninja_Bp"]
[Black "angriff"]
[Result "1/2-1/2"]
[ECO "A05"]
[WhiteElo "2447"]
[BlackElo "2447"]
[WhiteEngine "Houdini 6_CTG"]
[BlackEngine "Raubfisch ME262_GTZ16b2_CTG"]
[EventType "Swiss"]
[WhiteTeam ""]
[BlackTeam ""]
[PlyCount "92"]
[TimeControl "720+1"]

1. Nf3 Nf6 2. d4 d5 3. c4 e6 4. Nc3 c6 5. Bg5 dxc4 6. e4 b5 7. e5 h6 8. Bh4 g5 
9. Nxg5 hxg5 10. Bxg5 Nbd7 11. g3 Bb7 12. exf6 c5 13. d5 Qb6 14. Bg2 O-O-O 
15. O-O b4 16. Na4 Qb5 17. a3 Nb8 18. axb4 cxb4 19. Qg4 Bxd5 20. Rfc1 Nc6 
21. Bxd5 Rxd5 22. Rxc4 Rxg5 23. Qd4 Kb8 24. Rxc6 Rxg3+ 25. fxg3 Qxc6 26. Rd1 Qc7 
27. b3 Kc8 28. Qe3 Kb8 29. Qd2 Bc5+ 30. Nxc5 Qxc5+ 31. Qd4 Qc3 32. Qxc3 bxc3 
33. Rc1 Rc8 34. Kf2 Rc5 35. Ke3 Kc7 36. Kd4 Kd6 37. Rxc3 Rxc3 38. Kxc3 Ke5 
39. h3 Kxf6 40. b4 e5 41. h4 Kg6 42. g4 f5 43. gxf5+ Kxf5 44. Kd3 Kg4 
45. Ke4 Kxh4 46. Kxe5 Kg3 1/2-1/2

[Event "Sunday 21 January Rapid Engine Tour 12+1 Rounds 9 Starts 1600 ST"]
[Site "Infinity Chess"]
[Date "2018.1.21"]
[Round "8"]
[White "Eman"]
[Black "Marsell"]
[Result "1/2-1/2"]
[ECO "C77"]
[WhiteElo "2479"]
[BlackElo "2457"]
[WhiteEngine "Eman 1.65 64-bit POPCNT"]
[BlackEngine "asmFishW_2018-01-11_popcnt"]
[EventType "Swiss"]
[WhiteTeam ""]
[BlackTeam ""]
[PlyCount "73"]
[TimeControl "720+1"]

1. e4 e5 2. Nf3 Nc6 3. Bb5 a6 4. Ba4 Nf6 5. O-O Be7 6. Re1 b5 7. Bb3 O-O 
8. h3 Bb7 9. d3 d5 10. exd5 Nxd5 11. Nxe5 Nd4 12. Nd2 c5 13. Ndf3 Nxb3 
14. axb3 f6 15. Ng4 Qd7 16. d4 cxd4 17. Nxd4 Rfe8 18. Bd2 Bc5 19. Nf3 Rxe1+ 
20. Nxe1 Rd8 21. Ba5 Re8 22. Nd3 Qc6 23. Nxc5 Qxc5 24. Bd2 Rd8 25. Qc1 h5 
26. Nh2 Ne7 27. Be3 Qe5 28. Nf1 Nf5 29. f3 Nxe3 30. Qxe3 Qxb2 31. Rd1 Rxd1 
32. Qe8+ Kh7 33. Qxh5+ Kg8 34. Qe8+ Kh7 35. Qh5+ Kg8 36. Qe8+ Kh7 37. Qh5+ 
1/2-1/2

[Event "Sunday 21 January Rapid Engine Tour 12+1 Rounds 9 Starts 1600 ST"]
[Site "Infinity Chess"]
[Date "2018.1.21"]
[Round "8"]
[White "OlivierEvan"]
[Black "incredible"]
[Result "1/2-1/2"]
[ECO "A15"]
[WhiteElo "2399"]
[BlackElo "2449"]
[WhiteEngine "Houdini 6"]
[BlackEngine "Stockfish_x64_bmi2"]
[EventType "Swiss"]
[WhiteTeam ""]
[BlackTeam ""]
[PlyCount "179"]
[TimeControl "720+1"]

1. c4 Nf6 2. d4 e6 3. Nc3 d5 4. Nf3 Be7 5. Bf4 O-O 6. e3 Bb4 7. Be2 dxc4 
8. O-O Nd5 9. Bxc4 Nxf4 10. exf4 Nc6 11. Ne4 Ne7 12. Qe2 b6 13. Ne5 h6 
14. Rfd1 Bb7 15. Rac1 Bd5 16. g3 c6 17. a3 Bd6 18. Nc3 Bxc4 19. Qxc4 Rc8 
20. Qe2 Bc7 21. b4 b5 22. Ne4 Bb6 23. h4 Qc7 24. Rd3 Rfd8 25. Qh5 Rf8 
26. Qd1 Rfd8 27. Kh2 f6 28. Nf3 Qd7 29. Qe2 Ra8 30. Rcd1 a5 31. bxa5 Bxa5 
32. Nc5 Qd5 33. Nxe6 Re8 34. Nc5 Nf5 35. Qc2 Bb6 36. a4 Ra7 37. Kg2 g5 
38. fxg5 hxg5 39. hxg5 fxg5 40. Kg1 g4 41. Nh2 Kh8 42. a5 Bxa5 43. Qb3 Re1+ 
44. Rxe1 Bxe1 45. Qxd5 cxd5 46. Kf1 Bb4 47. Nxg4 Ra3 48. Nb3 Nxd4 49. Rxd4 Rxb3 
50. Rxd5 Bc3 51. Ne3 b4 52. Kg2 Rb1 53. Nc4 Kg7 54. Kf3 b3 55. Nd2 Bxd2 
56. Rxd2 Kf6 57. Rd5 Ke6 58. Rb5 b2 59. g4 Kd6 60. Kg2 Kc6 61. Rb8 Kd5 
62. g5 Ke6 63. Rb6+ Kf5 64. g6 Ra1 65. g7 Ra8 66. Rxb2 Kg6 67. Rb7 Rc8 
68. Kh2 Re8 69. Ra7 Rb8 70. Kg2 Re8 71. Re7 Ra8 72. Kg3 Ra3+ 73. Kg4 Ra4+ 
74. Kf3 Ra3+ 75. Ke4 Ra4+ 76. Ke3 Ra3+ 77. Kf4 Ra4+ 78. Ke5 Ra5+ 79. Kd4 Ra4+ 
80. Kd5 Ra5+ 81. Kc4 Ra4+ 82. Kd3 Ra3+ 83. Ke2 Ra2+ 84. Kf1 Ra8 85. Rc7 Rd8 
86. Kg1 Rd1+ 87. Kg2 Rd8 88. Rd7 Ra8 89. Kh1 Rg8 90. Kh2 1/2-1/2

[Event "Sunday 21 January Rapid Engine Tour 12+1 Rounds 9 Starts 1600 ST"]
[Site "Infinity Chess"]
[Date "2018.1.21"]
[Round "8"]
[White "Prometheus"]
[Black "ocirema"]
[Result "1/2-1/2"]
[ECO "A20"]
[WhiteElo "2422"]
[BlackElo "2451"]
[WhiteEngine "Eman 1.58-64bit-IDeA"]
[BlackEngine "stockfish_18011309_x64_modern_CTG"]
[EventType "Swiss"]
[WhiteTeam ""]
[BlackTeam ""]
[PlyCount "96"]
[TimeControl "720+1"]

1. c4 e5 2. g3 Nf6 3. Bg2 d5 4. cxd5 Nxd5 5. Nf3 Nc6 6. O-O Nb6 7. b3 Be7 
8. Bb2 f6 9. d4 e4 10. Ne1 f5 11. f3 exf3 12. Bxf3 O-O 13. e3 Nb4 14. Ng2 c6 
15. Nd2 Be6 16. Qe2 a5 17. Nc4 a4 18. a3 N4d5 19. e4 fxe4 20. Bxe4 Bf6 
21. Qh5 g6 22. Bxg6 hxg6 23. Qxg6+ Kh8 24. Nxb6 Qxb6 25. Qh6+ Kg8 26. Ne3 Qxb3 
27. Rae1 Nxe3 28. Rxf6 Rxf6 29. Qxf6 Bd5 30. Qg5+ Kf7 31. Qh5+ Ke7 32. Bc1 Qc2 
33. Rxe3+ Kd7 34. Bd2 Qxd2 35. Qg4+ Kc7 36. Qf4+ Kb6 37. Rb3+ axb3 38. Qxd2 Ra4 
39. h4 Rc4 40. h5 Rc2 41. Qb4+ Kc7 42. a4 b2 43. Qe7+ Kb6 44. Qd8+ Ka7 
45. Qa5+ Kb8 46. Qd8+ Ka7 47. Qa5+ Kb8 48. Qd8+ Ka7 1/2-1/2

[Event "Sunday 21 January Rapid Engine Tour 12+1 Rounds 9 Starts 1600 ST"]
[Site "Infinity Chess"]
[Date "2018.1.21"]
[Round "8"]
[White "star99"]
[Black "Deep_Impact"]
[Result "1/2-1/2 "]
[ECO "D44"]
[WhiteElo "2444"]
[BlackElo "2506"]
[WhiteEngine "Cryptic AIL V1"]
[BlackEngine "BrainFish_180113_x64_modern"]
[EventType "Swiss"]
[WhiteTeam ""]
[BlackTeam ""]
[PlyCount "121"]
[TimeControl "720+1"]

1. d4 d5 2. c4 e6 3. Nc3 Nf6 4. Nf3 c6 5. Bg5 h6 6. Bh4 dxc4 7. e4 g5 8. Bg3 b5 
9. Be2 Bb7 10. O-O Nbd7 11. Ne5 Bg7 12. Nxd7 Nxd7 13. Bd6 a6 14. e5 c5 
15. d5 Nxe5 16. dxe6 Nd3 17. exf7+ Kxf7 18. Bxd3 cxd3 19. Qxd3 Qd7 20. Qg3 Rhe8 
21. Rad1 Qf5 22. Bxc5 Be5 23. Qd3 Qxd3 24. Rxd3 Rad8 25. Re3 Bf6 26. Rxe8 Kxe8 
27. f3 Rd2 28. Rf2 Rd3 29. Rc2 Bxc3 30. bxc3 Kf7 31. Kf2 Bd5 32. Ke2 Bc4 
33. Ke1 a5 34. Bd4 h5 35. a3 b4 36. a4 b3 37. Rd2 Ke6 38. Rxd3 Bxd3 39. c4 Bxc4 
40. Kd2 Bf1 41. g4 Kd5 42. Bc3 hxg4 43. fxg4 Bh3 44. Bxa5 Kc4 45. Kc1 Bxg4 
46. Bd2 b2+ 47. Kxb2 Bd7 48. a5 g4 49. a6 g3 50. hxg3 Kb5 51. a7 Bc6 52. g4 Ka6 
53. Be3 Kb7 54. Kc3 Bf3 55. g5 Bh5 56. Bf2 Be8 57. Be3 Bh5 58. Kd2 Bg6 
59. Bf2 Ka8 60. Bd4 Bb1 61. Bf2 1/2-1/2